 Dungeon Sprint DCSS version 0.30.1-4-g462c640d31 (webtiles) character file.

Game seed: 6248948227769254627

1267 Heoruswealwe the Fighter (level 8, -4/83 HPs)
             Began as a Demigod Fighter on Aug 16, 2023.
             Slain by a centaur warrior (13 damage)
             ... in the Dungeon (Sprint I: "Red Sonja").
             The game lasted 00:05:33 (402 turns).

Heoruswealwe the Fighter (Demigod Fighter)           Turns: 402, Time: 00:05:33

Health: -4/83      AC:  6    Str: 25    XL:     8   Next: 7%
Magic:  10/10      EV: 10    Int: 10    God:
Gold:   123        SH:  4    Dex: 13    Spells: 7/7 levels left

rFire   . . .        a - +0 war axe
rCold   . . .        c - +0 buckler
rNeg    . . .        b - +0 scale mail
rPois   .            (no helmet)
rElec   .            (no cloak)
rCorr   .            (no gloves)
SInv    .            (no boots)
Will    .....        (no amulet) Stlth
                     (no ring)
HPRegen 0.33/turn    (no ring)
MPRegen 0.12/turn

%: no teleportation
@: mighty
A: high MP 1, forlorn, divine attributes, wild magic 1, sturdy frame 1
a: no special abilities


You were in the Dungeon.
You visited 1 branch You collected 423 gold pieces.
You spent 300 gold pieces at shops.

Inventory:

Hand Weapons
 a - a +0 war axe (weapon)
Armour
 b - a +0 scale mail (worn)
 c - a +0 buckler (worn)
Wands
 i - a wand of paralysis (2)
Potions
 h - 2 potions of magic


   Skills:
 + Level 12.2 Fighting
 + Level 12.1 Axes
 - Level 2.6 Armour
 - Level 2.6 Shields


You had 7 spell levels left.
You didn't know any spells.
Your spell library was empty.

Dungeon Overview and Level Annotations

Branches:
Dungeon (1/1)

Shops:
D *


Innate Abilities, Weirdness & Mutations

You have an increased reservoir of magic. (+10% MP)
You shall have no god before yourself.
Your divine heritage dramatically boosts your attributes as you level up.
Your spells are a little harder to cast, but a little more powerful.
Your movements are slightly less encumbered by armour. (ER -2)


Message History

The centaur warrior shoots an arrow.
You block the arrow. The centaur warrior hits you.
The centaur warrior kicks you.
You hit the centaur warrior.
The centaur warrior is lightly wounded.
The centaur warrior hits you.
The centaur warrior kicks you but does no damage.
You hit the centaur warrior.
The centaur warrior is lightly wounded.
You slash the centaur warrior!
The centaur warrior unwields a +0 longbow.
The centaur warrior barely misses you.
The centaur warrior kicks you but does no damage.
The centaur warrior hits you.
The centaur warrior kicks you but does no damage.
You feel very mighty all of a sudden. The centaur warrior hits you!
The centaur warrior kicks you but does no damage.
The centaur warrior hits you! You block the centaur warrior's attack.
The centaur warrior closely misses you. The centaur warrior kicks you.
* * * LOW HITPOINT WARNING * * *
The centaur warrior closely misses you. The centaur warrior barely misses you.
You feel better. The centaur warrior hits you.
The centaur warrior kicks you but does no damage.
You block the centaur warrior's attack.
The centaur warrior kicks you but does no damage.
You slash the centaur warrior!
The centaur warrior is lightly wounded.
You slash the centaur warrior! The centaur warrior hits you.
The centaur warrior closely misses you.
The centaur warrior hits you but does no damage.
The centaur warrior misses you. The centaur warrior hits you!
* * * LOW HITPOINT WARNING * * *
The centaur warrior closely misses you. The centaur warrior barely misses you.
You block the centaur warrior's attack.
You completely miss the centaur warrior.
The centaur warrior is lightly wounded.
You closely miss the centaur warrior. The centaur warrior hits you!
* * * LOW HITPOINT WARNING * * *
You block the centaur warrior's attack. The centaur warrior hits you!
You die...

#######################
#.)').#..'..#__#..')..#
'..#..').#..'..'..#)..#
#####'#####'#__####...+
####..#...#[####§§#####
#__####..##.#§§§§§#
#_____##'#_.§§§§c§+
#_.∩...'.?.§#~~~@c#
#_..__##_.#'##+####
#_____###+#.# #######
###


You could see 2 centaur warriors.

Vanquished Creatures
  2 kobold demonologists (D)
  Sigmund (D)
  A slime creature (D)
  A yak (D)
  A floating eye (D)
  An ogre (D)
  A jelly (D)
  Ijyb (D)
9 creatures vanquished.

Notes
Turn   | Place    | Note
-------+----------+-------------------------------------------
     0 | D        | Heoruswealwe the Demigod Fighter began the quest for the
                  | Orb.
     0 | D        | Reached XP level 1. HP: 18/18 MP: 3/3
     2 | D        | Noticed Ijyb
     6 | D        | Paralysed by Ijyb for 5 turns
    15 | D        | Killed Ijyb
    16 | D        | Reached XP level 2. HP: 8/28 MP: 4/4
    95 | D        | Noticed an ogre
    99 | D        | Killed an ogre
   100 | D        | Reached XP level 3. HP: 37/38 MP: 5/5
   100 | D        | Reached XP level 4. HP: 44/45 MP: 6/6
   102 | D        | Noticed Sigmund
   107 | D        | Killed Sigmund
   108 | D        | Reached XP level 5. HP: 51/56 MP: 7/7
   116 | D        | Noticed a slime creature
   123 | D        | Killed a slime creature
   124 | D        | Reached XP level 6. HP: 27/66 MP: 8/8
   133 | D        | Noticed a kobold demonologist
   133 | D        | Noticed a kobold demonologist
   137 | D        | Reached skill level 10 in Fighting
   137 | D        | Reached skill level 10 in Axes
   140 | D        | Noticed an ice devil
   143 | D        | Killed a kobold demonologist
   143 | D        | Killed a kobold demonologist
   144 | D        | Reached XP level 7. HP: 51/75 MP: 9/9
   178 | D        | Found Porip's General Store.
   178 | D        | Noticed a yak
   185 | D        | Killed a yak
   186 | D        | Reached XP level 8. HP: 36/83 MP: 10/10
   379 | D        | Bought a scroll of identify for 20 gold pieces
   379 | D        | Bought a potion of might for 40 gold pieces
   379 | D        | Bought a potion of mutation for 80 gold pieces
   379 | D        | Bought a potion of mutation for 80 gold pieces
   379 | D        | Bought a potion of mutation for 80 gold pieces
   389 | D        | Gained mutation: You are frail. (-10% HP) [potion of
                  | mutation]
   389 | D        | Gained mutation: You are weak. (Str -2) [potion of
                  | mutation]
   389 | D        | Gained mutation: Your system is resistant to poisons.
                  | (rPois) [potion of mutation]
   389 | D        | Gained mutation: You have a pair of small antennae on your
                  | head. [potion of mutation]
   390 | D        | Lost mutation: Your system is resistant to poisons. (rPois)
                  | [potion of mutation]
   390 | D        | Lost mutation: You have a pair of small antennae on your
                  | head. [potion of mutation]
   390 | D        | Lost mutation: You are frail. (-10% HP) [potion of
                  | mutation]
   390 | D        | Gained mutation: You are partially covered in iridescent
                  | scales. (AC +2) [potion of mutation]
   390 | D        | Gained mutation: You have a pair of small horns on your
                  | head. [potion of mutation]
   391 | D        | Lost mutation: You are weak. (Str -2) [potion of mutation]
   391 | D        | Lost mutation: You have a pair of small horns on your head.
                  | [potion of mutation]
   391 | D        | Lost mutation: You are partially covered in iridescent
                  | scales. (AC +2) [potion of mutation]
   391 | D        | Gained mutation: Your movements are slightly less
                  | encumbered by armour. (ER -2) [potion of mutation]
   391 | D        | Gained mutation: Your spells are a little harder to cast,
                  | but a little more powerful. [potion of mutation]
   392 | D        | Noticed a centaur warrior
   392 | D        | Noticed a centaur warrior
   402 | D        | Slain by a centaur warrior

Illustrated notes

Levels and vault maps discovered:
D:        dungeon_sprint_1 [red_sonja_temple_1, red_sonja_temple_small_1]

Skill      XL: |  1  2  3  4  5  6  7 |
---------------+----------------------+-----
Fighting       | 4 6 8 9 11 12 | 12.2
Axes           | 4 6 8 9 11 12 | 12.1
Armour         | |  2.6
Shields        | |  2.6

Action                     |  1- 3 |  4- 6 |  7- 9 || total
---------------------------+-------+-------+-------++-------
  Melee: War axe           |     9 |    19 |    12 ||    40
    Use: Potion            |     3 |     1 |     5 ||     9
         Scroll            |       |       |     2 ||     2
 Armour: Scale mail        |     5 |     2 |     7 ||    14
  Dodge: Dodged            |     3 |     2 |    10 ||    15
  Block: Buckler           |       |     2 |     5 ||     7
